Map: Cosmic Sapphire

Players

IllIIIllllII - Winner!

  • Race: Zerg Zerg
  • Spawn Location: 5:00

chouchou

  • Race: Zerg Zerg
  • League: Master
  • Spawn Location: 11:00

VOD

Have the link to the VOD?

Description

Time

  • Played on: Dec. 1, 2022, 8:51 p.m.
  • Length: 3:50
Show
View Real Time Build Order
Export as new Build Order

IllIIIllllII Zerg - Winner!

Build Orders: Pool Only 

Get SALT Encoding   

  12  0:01  Drone  
  13  0:09  Drone  
  14  0:26  Spawning Pool  
  13  0:32  Extractor  
  12  0:40  Drone  
  12  0:41  Drone  
  14  0:45  Overlord  
  15  1:08  Drone x2  
  17  1:25  Spine Crawler  
  17  1:27  Spine Crawler  
  15  1:39  Spine Crawler  
  14  1:45  Zergling x6  
  17  1:48  Queen  
  20  2:00  Spine Crawler  
  19  2:10  Zergling x4  
  21  2:20  Zergling x2  
  22  2:26  Spine Crawler  
  22  2:27  Spine Crawler  
  22  2:28  Zergling x2  
  21  2:45  Zergling x2  
  19  3:19  Zergling x4  
  19  3:20  Zergling x2  
Show
View Real Time Build Order
Export as new Build Order

chouchou Zerg 

Build Orders: Hatch First 

Get SALT Encoding   

  12  0:00  Drone  
  13  0:14  Overlord  
  13  0:17  Drone  
  14  0:33  Drone  
  15  0:46  Hatchery  
  15  0:49  Drone  
  15  0:52  Drone  
  15  0:57  Drone  
  17  1:04  Drone  
  17  1:11  Extractor  
  17  1:20  Spawning Pool  
  17  1:23  Drone x2  
  18  1:32  Drone  
  19  1:57  Drone x2  
  20  2:16  Zergling x8  
  24  2:22  Spine Crawler  
  24  2:24  Spine Crawler  
  24  2:25  Spine Crawler  
  21  2:30  Zergling x4  
  22  2:43  Zergling x4  
  24  2:46  Spine Crawler  
  24  2:50  Zergling x2  
  22  3:03  Zergling x6  
Tags
 
League
Master
Matchup
ZvZ
Race
Zerg
Spawn Locations
Cross Positions
Add a new tag
Caveats
  • Supply blocks, unpowered buildings, or Contaminate may cause inaccurate times.
  • Supply counts are checked every 10 seconds.